 Seeded DCSS version 0.29.1-1-gd02db6906a (webtiles) character file.

Game seed: 1 (custom seed)

39 Kazon the Trooper (level 3, 0/20 HPs)
             Began as a Vine Stalker Fighter on Oct 18, 2022.
             Succumbed to an adder's poison
             ... on level 2 of the Dungeon.
             The game lasted 00:04:44 (1000 turns).

Kazon the Trooper (Vine Stalker Fighter)            Turns: 1000, Time: 00:04:44

Health: 0/20       AC:  7    Str: 20    XL:     3   Next: 47%
Magic:  3/4        EV:  9    Int:  8    God:
Gold:   121        SH:  4    Dex: 13    Spells: 2/2 levels left

rFire   + + .      SeeInvis .   a - +0 long sword
rCold   + . .      Faith    .   c - +0 buckler
rNeg    . . .      Spirit   +   b - +0 scale mail
rPois   .          Reflect  .   l - +0 helmet
rElec   .          Harm     .   (no cloak)
rCorr   .          Rampage  .   (no gloves)
Will    .....                   (no boots)
Stlth   ..........              f - amulet of the acrobat
HPRegen 0.06/turn               e - ring "Nucyl" {rF++ rC+}
MPRegen 0.09/turn               (no ring)

@: lethally poisoned (0 -> -4), attractive, flying
A: fangs 2, magic shield, antimagic bite, no potion heal 2
a: no special abilities


You were on level 2 of the Dungeon.
You visited 1 branch of the dungeon, and saw 2 of its levels.

You collected 121 gold pieces.

Inventory:

Hand Weapons
 a - a +0 long sword (weapon)
Missiles
 k - 3 stones (quivered)
Armour
 b - a +0 scale mail (worn)
 c - a +0 buckler (worn)
 l - a +0 helmet (worn)
Jewellery
 e - the ring "Nucyl" (left hand) {rF++ rC+}
   (You acquired it on level 1 of the Dungeon)

   [ring of protection from cold]

   rF:        It greatly protects you from fire.
   rC:        It protects you from cold.
 f - an amulet of the acrobat (around neck)
Scrolls
 j - a scroll of identify {unknown}
Potions
 d - a potion of might
 g - a potion of haste {unknown}


   Skills:
 * Level 3.2 Fighting
 + Level 2.0 Long Blades
 + Level 2.8 Armour
 + Level 0.2 Dodging
 + Level 2.9 Shields


You had 2 spell levels left.
You didn't know any spells.
Your spell library was empty.

Dungeon Overview and Level Annotations

Branches:
Dungeon (2/15)

Altars:


Innate Abilities, Weirdness & Mutations

You have extremely sharp teeth.
When hurt, damage is shared between your health and your magic reserves.
Your bite disrupts and absorbs the magic of your enemies.
Potions cannot restore your health.


Message History

The ball python grabs you. The ball python constricts you.
You hit the ball python.
The ball python is severely wounded.
The ball python bites you but does no damage.
The ball python constricts you. The ball python bites you.
The ball python constricts you.
You slash the ball python!
You kill the ball python!
Found a leather armour.
An adder comes into view.
The adder hisses angrily.
You see here a white potion.
You closely miss the adder. Your bite misses the adder.
The adder barely misses you. You block the adder's attack.
You hit the adder.
The adder is moderately wounded.
The adder bites you.
You are poisoned.
The adder poisons you! The adder bites you.
You miss the adder. You bite the adder. You drain its power.
You feel invigorated.
The adder is heavily wounded.
You feel sick. The adder bites you.
* * * LOW HITPOINT WARNING * * *
You are lethally poisoned!
The adder poisons you! The adder bites you but does no damage.
You barely miss the adder.
The adder is moderately wounded.
* * * LOW HITPOINT WARNING * * *
You feel very sick. The adder bites you but does no damage.
It was a potion of attraction.
You feel attractive to monsters.
* * * LOW HITPOINT WARNING * * *
You feel sick. The adder bites you but does no damage.
The adder barely misses you.
It was a potion of flight.
You feel very buoyant.
You fly up into the air.
You die...

#.#.# #.#.# #.
#######.#.## #.
#..........##
#.####.....[.....#
#.......#........#####
#.............(.[....#
#.............@S#
#............!.##
#........##..........
#........########....
#........# #..
#.###.#..# . #†#
#.#..# ###.###.#.##
........#.#####


You could see an adder.

Vanquished Creatures
  An adder (D:2)
  A worm (D:2)
  6 endoplasms
  A giant cockroach (D:1)
  4 goblins (D:1)
  3 hobgoblins
  A kobold (D:1)
  A quokka (D:1)
  A ball python (D:2)
  2 bats
  A frilled lizard (D:2)
  3 rats (D:1)
25 creatures vanquished.

Notes
Turn   | Place    | Note
-------+----------+-------------------------------------------
     0 | D:1      | Kazon the Vine Stalker Fighter began the quest for the Orb.
     0 | D:1      | Reached XP level 1. HP: 11/11 MP: 2/2
    34 | D:1      | Identified a scroll of acquirement
    34 | D:1      | Acquired the ring "Nucyl" {rF++ rC+}
   140 | D:1      | Reached XP level 2. HP: 15/16 MP: 3/3
   477 | D:1      | Reached skill level 3 in Fighting
   771 | D:2      | Reached XP level 3. HP: 16/20 MP: 2/4
   999 | D:2      | HP: 1/20 [poisoned by an adder]
  1000 | D:2      | Succumbed to an adder's poison

Illustrated notes

Levels and vault maps discovered:
D:1:      dpeg_arrival_three_smaller_balls, layout_basic
D:2:      layout_loops_ring

Skill      XL: |  1  2  3 |
---------------+----------+-----
Fighting       | 3 |  3.2
Long Blades    | 2 |  2.0
Armour         | |  2.8
Dodging        | |  0.2
Shields        | |  2.9

Action                   || total
-------------------------++-------
Melee: Long sword        ||    83
       Bite              ||    22
  Use: Scroll            ||     1
       Potion            ||     2
Armor: Scale mail        ||    40
Dodge: Dodged            ||    50
Block: Buckler           ||    26
